 Dungeon Crawl Stone Soup version 0.30-b1-7-gcb88a99046 (webtiles) character file.

Game seed: 17528913927501253386

211 KittyFluff the Cudgeller (level 5, -1/51 HPs)
             Began as a Gargoyle Berserker on May 5, 2023.
             Was a Believer of Trog.
             Slain by an ogre
             ... wielding a +0 giant spiked club
              (4 damage)
             ... on level 4 of the Dungeon.
             The game lasted 00:11:07 (2810 turns).

KittyFluff the Cudgeller (Gargoyle Berserker)       Turns: 2810, Time: 00:11:07

Health: -1/51      AC:  8    Str: 27    XL:     5   Next: 88%
Magic:  5/5        EV: 12    Int:  7    God:    Trog [**....]
Gold:   146        SH:  0    Dex: 11    Spells: 4/4 levels left

rFire   . . .        a - +0 mace
rCold   . . .        (no shield)
rNeg    + . .        o - +1 leather armour {Will+}
rPois   ∞            (no helmet)
rElec   +            (no cloak)
rCorr   .            (no gloves)
SInv    .            (no boots)
Will    +....        (no amulet) Stlth
                     f - +6 ring of strength
HPRegen 0.28/turn    (no ring)
MPRegen 0.09/turn

%: no passive effects
@: berserking, very quick
A: sickness immunity, AC +4, negative energy resistance 1, electricity
resistance, torment resistance 1, petrification resistance
a: Renounce Religion, Berserk, Trog's Hand


You were on level 4 of the Dungeon.
You worshipped Trog.
Trog was pleased with you.
You visited 1 branch of the dungeon, and saw 4 of its levels.

You collected 146 gold pieces.

Inventory:

Hand Weapons
 a - a +0 mace (weapon)
Missiles
 n - 2 boomerangs (quivered)
Armour
 o - a +1 leather armour of willpower (worn)
 r - an orb of mayhem
Jewellery
 f - a +6 ring of strength (left hand)
 q - an amulet of the acrobat
Scrolls
 c - a scroll of magic mapping {unknown}
 d - a scroll of teleportation {unknown}
 e - a scroll of enchant armour {unknown}
 g - a scroll of noise {unknown}
 i - a scroll of summoning {unknown}
 m - a scroll of vulnerability {unknown}
Potions
 b - a potion of magic
 h - a potion of lignification
 j - a potion of ambrosia
 k - 3 potions of attraction {unknown}
 l - a potion of degeneration {unknown}
 p - a potion of brilliance {unknown}


   Skills:
 + Level 4.5 Fighting
 + Level 4.7 Maces & Flails
 + Level 3.0 Armour
 + Level 2.4 Dodging


You had 4 spell levels left.
You didn't know any spells.
Your spell library was empty.

Dungeon Overview and Level Annotations

Branches:
Dungeon (4/15)
 Temple: D:4-7

Altars:
Ru

Annotations:
D:4 1 runed translucent door, sigtrap's ghost, amateur SpBr


Innate Abilities, Weirdness & Mutations

You are immune to sickness and miasma.
Your stone body is resilient. (AC +4)
You are immune to poison.
You resist negative energy. (rN+)
You are resistant to electric shocks. (rElec)
You are resistant to unholy torment.
You are immune to petrification.


Message History

The quokka bites you.
* * * LOW HITPOINT WARNING * * *
Your Armour skill increases to level 3!
You barely miss the quokka.
The quokka bites you but does no damage.
You hit the quokka.
The quokka is severely wounded.
The quokka bites you but does no damage.
You barely miss the quokka.
The quokka is severely wounded.
The quokka bites you but does no damage.
The quokka closely misses you.
You hit the quokka.
You kill the quokka!
Trog accepts your kill.
You start resting.
HP restored.
You see here an iguana corpse.
You now have 146 gold pieces (gained 9).
Found 17 gold pieces.
An ogre comes into view. It is wielding a +0 giant spiked club.
Throw: 2 boomerangs
Press: ? - help, Q - select action, (/) - cycle Shift-Dir - straight line, f - ogre
Aim: an ogre, wielding a +0 giant spiked club (73% to hit)
You throw a boomerang.
The boomerang hits the ogre but does no damage.
You sock the ogre!
The ogre is moderately wounded.
The ogre hits you with a +0 giant spiked club!!
Ouch! That really hurt!
A red film seems to cover your vision as you go berserk!
You feel yourself moving faster!
You feel mighty!
The ogre hits you with a +0 giant spiked club!
* * * LOW HITPOINT WARNING * * *
You barely miss the ogre.
The ogre is moderately wounded.
You hit the ogre.
The ogre is heavily wounded.
The ogre hits you with a +0 giant spiked club.
You die...

#++###....#
#.##...#.####
#.....###.#
#.###+##..... ####..#
#.# #.##§WF#.####
#..###.# #.##§§§#.....
#.#.##.## #..# #.###.
...##....###..#####.#
.......##..##.........#
#.##..#..
#..###.....#### .
#.#...# #@.# ##...##
##...#. #O.# ##.##
..... #..# #.########
#### #$.# #.<.......
#..# ########## #...
.... .....


You could see an ogre.

Vanquished Creatures
  A centaur skeleton (D:3)
  An iguana (D:4)
  4 adders (D:2)
  4 gnolls (D:3)
  An adder skeleton (D:3)
  A worm (D:2)
  3 dart slugs
  4 orcs
  7 endoplasms
  A giant cockroach (D:2)
  4 goblins
  8 hobgoblins
  4 jackals (D:3)
  4 kobolds
  2 quokkas
  A ball python skeleton (D:3)
  7 bats
  4 frilled lizards
  8 rats
69 creatures vanquished.

Vanquished Creatures (others)
  A withered plant (D:3)
1 creature vanquished.

Grand Total: 70 creatures vanquished

Notes
Turn   | Place    | Note
-------+----------+-------------------------------------------
     0 | D:1      | KittyFluff the Gargoyle Berserker began the quest for the
                  | Orb.
     0 | D:1      | Reached XP level 1. HP: 14/14 MP: 1/1
   194 | D:1      | Reached XP level 2. HP: 19/19 MP: 2/2
   646 | D:1      | Reached XP level 3. HP: 23/24 MP: 3/3
  1242 | D:2      | Reached XP level 4. HP: 14/29 MP: 4/4
  1243 | D:2      | Reached ** piety under Trog
  1636 | D:3      | Reached XP level 5. HP: 4/33 MP: 5/5
  2092 | D:3      | Found a sacrificial altar of Ru.
  2646 | D:4      | Found a runed translucent door.
  2646 | D:4      | Noticed sigtrap's ghost (amateur SpBr)
  2803 | D:4      | Noticed an ogre
  2810 | D:4      | Slain by an ogre

Illustrated notes

Levels and vault maps discovered:
D:1:      heliophobic_arrival_henge, layout_basic
D:2:      layout_basic, nicolae_figureground_pulse
D:3:      layout_loops_corners, nicolae_ru_path_of_blood, serial_undead,
          serial_undead_f, serial_undead_d, serial_undead_c, serial_undead_b,
          serial_undead_c
D:4:      layout_loops_ring, grunt_temple_overflow_order_and_chaos_2,
          mainiacjoe_overflow_brackets, ebering_ghost_inner_flame,
          kennysheep_generic_room_12, uniq_edmund, uniq_sigmund

Skill      XL: |  1  2  3  4  5 |
---------------+----------------+-----
Fighting       | 4 |  4.5
Dodging        | 2 |  2.4
Maces & Flails | 4 |  4.7
Armour         | 3 |  3.0

Action                     |  1- 3 |  4- 6 || total
---------------------------+-------+-------++-------
  Melee: Mace              |    86 |   155 ||   241
         Punch             |       |     1 ||     1
  Throw: Boomerang         |       |     1 ||     1
 Invoke: Berserk           |       |     1 ||     1
    Use: Scroll            |       |     3 ||     3
 Armour: Animal skin       |    10 |       ||    10
         Leather armour    |    33 |    48 ||    81
  Dodge: Dodged            |    49 |   108 ||   157
